 Dungeon Crawl Stone Soup version 0.19-a0-1320-g0178847 (webtiles) character file.

34 Aquadorian the Ogre Mage (level 3, 0/31 HPs)
             Began as an Ogre Wanderer on Aug 31, 2016.
             Succumbed to an adder's poison
             ... on level 1 of the Dungeon.
             The game lasted 00:06:24 (1392 turns).

Aquadorian the Ogre Mage (Ogre Wanderer)            Turns: 1392, Time: 00:06:25

Health: 0/31       AC:  3    Str: 17    XL:     3   Next: 31%
Magic:  8/8        EV:  6    Int: 13    God:
Gold:   67         SH:  6    Dex:  8    Spells: 0 memorised, 9 levels left

rFire  . . .     SeeInvis .     a - +2 short sword
rCold  . . .     Gourm    .     d - +0 robe
rNeg   . . .     Faith    .     m - +0 shield
rPois  .         Spirit   .     (helmet restricted)
rElec  .         Dismiss  .     (no cloak)
rCorr  .         Reflect  .     (gloves unavailable)
MR     .....     Harm     .     (boots unavailable)
Stlth  +.........               r - amulet of magic regeneration
                                (no ring)
                                (no ring)

@: lethally poisoned (0 -> -6)
A: unfitting armour, tough skin 1
a: no special abilities


You were on level 1 of the Dungeon.
You were hungry.

You visited 1 branch of the dungeon, and saw 2 of its levels.

You collected 67 gold pieces.

Inventory:

Hand Weapons
 a - a +2 short sword (weapon)
 e - a +0 dagger
 l - a +0 club
Missiles
 g - 27 sling bullets
 h - 26 stones (quivered)
Armour
 d - a +0 robe (worn)
 m - a +0 shield (worn)
Jewellery
 r - an amulet of magic regeneration (around neck)
Scrolls
 k - a scroll of enchant armour {unknown}
 n - a scroll of recharging {unknown}
Potions
 i - a potion of flight {unknown}
 p - a potion of cure mutation
 q - a potion of brilliance {unknown}
Books
 b - Agarrina's Guide on Companions

   Spells                             Type                      Level
   a - Summon Small Mammal            Summoning                    1
   b - Call Canine Familiar           Summoning                    3
 c - Onannoac's Reference Book on the Volcanoes

   Spells                             Type                      Level
   a - Flame Tongue                   Conjuration/Fire             1
   b - Conjure Flame                  Conjuration/Fire             3
Comestibles
 f - 2 bread rations
 j - 2 meat rations
 o - 4 chunks of flesh


   Skills:
 - Level 1.2 Short Blades
 + Level 3.5 Maces & Flails
 - Level 1.4 Throwing
 - Level 1.5 Stealth
 - Level 3.6 Spellcasting
   Level 1.3 Summonings


You had 9 spell levels left.
You didn't know any spells.

Dungeon Overview and Level Annotations

Branches:
Dungeon (2/15)

Altars:
Makhleb

Annotations:
D:2 Terence


Innate Abilities, Weirdness & Mutations

You are too large for most types of armour.
You have tough skin. (AC +1)


Message History

The giant newt barely misses you. The adder bites you but does no damage.
You hit the adder.
The adder is moderately wounded.
The adder bites you.
You are poisoned.
The adder poisons you! The giant newt bites you.
* * * LOW HITPOINT WARNING * * *
The adder bites you.
* * * LOW HITPOINT WARNING * * *
You are lethally poisoned!
The adder poisons you!
You hit the adder.
The adder is severely wounded.
* * * LOW HITPOINT WARNING * * *
You feel sick. The giant newt bites you.
* * * LOW HITPOINT WARNING * * *
You block the adder's attack. The giant newt bites you.
* * * LOW HITPOINT WARNING * * *
It was a potion of cure mutation.
It has a very clean taste.
You die...

..#.##.#.##.######.####....#
...###........)..........#.#
####........##.....#####.#.#
#......>.##.###.# #[#.#
#.#.....###.# #.# #.#.#
#.##....# #.###.#####.#.#
#.###.#.# #........##.#.#
#.# #.#.# #..lS....##.#.#
#.# #.#.###.#@#..#.#....#
#.###.#.##.###..###..#..#
#.##.#..###.#.#..#.#...##
#.#.###......##.#..##.##
#.##.#.............##.#
#.###.###########.###.#
#.###.................#
#..)..############.#..#
#.##### #.#..#####


You could see an adder and a giant newt.

Vanquished Creatures
  3 dart slugs (D:1)
  2 giant geckos
  A bat (D:1)
  4 goblins (D:1)
  3 hobgoblins (D:1)
  3 jackals (D:1)
  A ball python (D:1)
  3 giant newts (D:1)
  4 kobolds
  A rat (D:1)
25 creatures vanquished.

Notes
Turn   | Place    | Note
-------+----------+-------------------------------------------
     0 | D:1      | Aquadorian the Ogre Wanderer began the quest for the Orb.
     0 | D:1      | Aquadorian set off with: a +2 short sword, Agarrina's Guide on Companions, Onannoac's Reference Book on the Volcanoes, a +0 robe, a +0 dagger, a bread ration
     0 | D:1      | Reached XP level 1. HP: 16/16 MP: 5/5
   130 | D:1      | Reached skill level 1 in Maces & Flails
   302 | D:1      | Reached XP level 2. HP: 24/24 MP: 6/6
   969 | D:1      | Reached XP level 3. HP: 19/31 MP: 8/8
  1329 | D:2      | Found a burning altar of Makhleb.
  1368 | D:2      | Noticed Terence
  1391 | D:1      | HP: 1/31 [giant newt (1)]
  1392 | D:1      | Succumbed to an adder's poison

Vault maps used:
D:1:      minmay_arrival_five_plusses, hangedman_feature_mirror, hex_tiny
D:2:      nicolae_overflow_hidden_temple, first_bread, uniq_terence

Skill      XL: |  1  2 |
---------------+-------+-----
Maces & Flails | 1 3 |  3.5
Short Blades   | |  1.2
Throwing       | |  1.4
Stealth        | |  1.5
Spellcasting   | |  3.6
Summonings     | |  1.3

Action                   || total
-------------------------++-------
Melee: Short sword       ||    86
  Use: Potion            ||     1
 Stab: Sleeping          ||     2
  Eat: Chunk             ||     1
Armor: Robe              ||    27
Dodge: Dodged            ||    33
Block: Shield            ||    12
